 BcadrenCrawl: Boulder Brew version 0.06-744-gf22570f5e0 (webtiles) character file.

Game seed: 17615147483084412660

2517 LabCoat the Fighter (level 9, -7/162 HPs) Hill Orc Fighter. Began on Mar 8, 2023. Was an Initiate of Okawaru. Mangled by an orc warrior ... wielding a cursed +0 halberd {(Curse: MR-)} (11 damage) ... on level 4 of the Dungeon. The game lasted 00:30:58 (6244 turns).

LabCoat the Fighter (Hill Orc Fighter)              Turns: 6244, Time: 00:30:58

Health: -7/162     AC: 24    Str: 22    XL:     9 ^: 1052
Magic:  10/10      EV:  2    Int:  8    God:    Okawaru [0* [28]]
Gold:   196        SH:  0    Dex: 10    Spells: 8/8 levels left

rFire    + + .     Slash    .   N - +0 war axe (vamp)
rCold    + . .     Pierce   +   g - +0 spear
rNeg     + + +     Bludgeon .   (armour currently unavailable)
rCorr    + . .     Vision   .   (helmet currently unavailable)
rPois    .         Gourm    .   (cloak currently unavailable)
rElec    .         Faith    .   (gloves currently unavailable)
MR       +....     Spirit   .   (boots currently unavailable)
HPRegen  0.64/turn Reflect  .   w - amulet of chaos
MPRegen  0.20/turn Harm     .   E - ring of resist corrosion Stlth +.........NoTele +
                                h - ring of Xom's Bemusement {*Slow rF++ rC++ MR+}

@: tree-form
A: no striking features
a: Renounce Religion


You were on level 4 of the Dungeon.
You worshipped Okawaru.
Okawaru was noncommittal.
You were not hungry.
You were a tree.
You visited 2 branches of the dungeon, and saw 5 of its levels.

You collected 196 gold pieces.

Inventory:

Weapons
 a - a +0 war axe
 g - a +0 spear (weapon)
 k - a +0 shortbow
 o - a cursed +0 whip of caustic ooze {(Curse: MR-)}
 r - a +1 whip of electrocution
 N - a +0 vampiric war axe (weapon) Shields
 c - a +0 heater shield
 j - a +0 buckler
Armour
 y - a +1 chain mail of cold resistance (melded)
 B - a +0 pair of boots (melded)
 C - a +0 cloak (melded)
 G - a +0 helmet (melded)
Jewellery
 h - the ring of Xom's Bemusement (right branch) {*Slow rF++ rC++ MR+}
   (You acquired it on level 1 of the Dungeon)

   [ring of protection from magic]

   It greatly protects you from fire.
   It greatly protects you from cold.
   It affects your resistance to hostile enchantments.
   It may slow you when you take damage.
 l - an uncursed ring of poison resistance
 m - an uncursed ring of protection
 q - a cursed ring of evasion {(Curse: *Slow)}
 s - a cursed ring of fire {(Curse: Slay-5)}
 w - an amulet of chaos (around neck)
 x - an uncursed ring of positive energy
 z - a cursed ring of evasion {(Curse: rC-)}
 D - an uncursed ring of wizardry
 E - a ring of resist corrosion (left branch)
 J - an uncursed ring of dexterity
 K - an uncursed ring of protection
 L - a cursed amulet of the acrobat {(Curse: rC-)}
 M - the ring of Peace {Str+3 Int+6 Stlth-}
   (You took it off an orc warrior on level 4 of the Dungeon)

   [ring of attention]

   It affects your strength (+3).
   It affects your intelligence (+6).
   It makes you less stealthy.
 O - an uncursed ring of stealth
 R - a cursed amulet of reflection {(Curse: *Drain)}
 S - a cursed amulet of regeneration {(Curse: rC- Dex-3)}
Scrolls
 e - 2 scrolls of teleportation
 p - 2 scrolls of silence
 t - 2 scrolls of fog
 u - a scroll of holy word
 H - 2 scrolls of enchantment
 I - 2 scrolls of random uselessness
Potions
 b - 2 potions of brilliance
 d - 4 potions of amnesia
 n - a potion of cure mutation
 A - a potion of lignification
 P - a potion of mutation
Comestibles
 f - 9 rations


   Skills:
 * Level 8.1 Fighting
 * Level 7.9 Axes & Hammers
 - Level 1.2 Whips & Flails
 * Level 6.7 Armour
 + Level 3.2 Dodging
 + Level 6.4 Shields
 * Level 2.0 Invocations
   Level 3.0 Evocations


You had 8 spell levels left.
You didn't know any spells.
Your spell library was empty.

Dungeon Overview and Level Annotations

Branches:
Dungeon (4/8)              Temple (1/1) D:4

Altars:
Ashenzari
Cheibriados
Dithmenos
Elyvilon
Fedhas Madash
Gozag Ym Sagoz
Hepliaklqana
Kikubaaqudgha
Makhleb
Nemelex Xobeh
Okawaru
Qazlal
Ru
Sif Muna
Uskayaw
Vehumet
Wu Jian
Xom
Yredelemnul
Zin
The Shining One


Innate Abilities, Weirdness & Mutations

((Your soft flesh is weak to deep cuts.
Heavy manmade armour will nullify this weakness. (rSlashing-)))


Message History

You're too confused!
An orc warrior is nearby!
The orc warrior hits you from afar with a cursed +0 halberd {(Curse: MR-)} (3).
* * * LOW HITPOINT WARNING * * *
The orc warrior hits you from afar with a cursed +0 halberd {(Curse: MR-)} (5).
* * * LOW HITPOINT WARNING * * *
The orc warrior hits you but does no damage.
The orc warrior hits you from afar with a cursed +0 halberd {(Curse: MR-)} (8)!
* * * LOW HITPOINT WARNING * * *
The orc warrior hits you from afar with a cursed +0 halberd {(Curse: MR-)} (14)!
* * * LOW HITPOINT WARNING * * *
You feel less invigorated.
You feel less confused.
The orc warrior hits you from afar with a cursed +0 halberd {(Curse: MR-)} (15)!
* * * LOW HITPOINT WARNING * * *
The orc warrior hits you from afar with a cursed +0 halberd {(Curse: MR-)} (1).
* * * LOW HITPOINT WARNING * * *
The orc warrior hits you but does no damage.
The orc warrior hits you from afar with a cursed +0 halberd {(Curse: MR-)} (11)!
You die...

....... #.##.......
.......####.##.......
.......)}...##.......
.......#######.......
.^..... #.......
#####'# ######## #o.
#... #)# ######'##
#♣# #........ #.#
#....)... ##.#
#.....)). #..#
#...).... ##.##
#........ #..#
#........ #.##
#........ #.#
######### #.# #


You could see an orc warrior.

Vanquished Creatures
  2 orc warriors (D:4)
  A phantom (D:4)
  2 ice beasts (D:4)
  2 ogres (D:3)
  3 big kobolds (D:2)
  4 howler monkeys (D:4)
  2 orc priests
  3 hounds (D:4)
  5 jellies (D:2)
  Terence (D:2)
  2 iguanas (D:4)
  2 orc wizards (D:4)
  3 worker ants
  A water moccasin skeleton (D:4)
  2 wyvern skeletons (D:4)
  6 giant cockroaches
  A porcupine skeleton (D:3)
  A boggart skeleton (D:4)
  7 adders
  18 gnolls
  22 sewer rats (D:2)
  A worm (D:2)
  5 cinder newts
  3 bullfrogs (D:4)
  A howler monkey skeleton (D:3)
  4 oozes
  A dart slug (D:1)
  4 leopard geckos
  21 orcs
  2 adder skeletons (D:2)
  3 ball pythons (D:2)
  2 cinder newt skeletons (D:2)
  A gnoll skeleton (D:2)
  2 goblins (D:1)
  3 hobgoblins
  24 kobolds
  4 quokkas
  5 bats
  A bat skeleton (D:2)
  6 rats
  9 withered plants (D:2)
192 creatures vanquished.

Vanquished Creatures (collateral kills)
  An ogre (D:3)
  A big kobold (D:2)
  An orc wizard (D:3)
  2 gnolls (D:3)
  6 sewer rats (D:2)
  4 orcs (D:3)
  An adder skeleton (D:2)
  A ball python (D:2)
  5 kobolds (D:2)
22 creatures vanquished.

Vanquished Creatures (others)
  2 giant cockroaches (D:2)
  A sewer rat (D:2)
  2 kobolds (D:2)
  A bat (D:2)
  3 giant blowflies (D:2)
  3 slimeheads (D:2)
  161 withered plants (D:2)
173 creatures vanquished.

Grand Total: 387 creatures vanquished

Notes
Turn   | Place    | Note
-------+----------+-------------------------------------------
     0 | D:1      | LabCoat the Hill Orc Fighter began the quest for the Orb.
     0 | D:1      | Reached XP level 1. HP: 29/29 MP: 1/1
    28 | D:1      | Reached XP level 2. HP: 15/39 MP: 2/2
   247 | D:1      | Reached skill level 4 in Fighting
   247 | D:1      | Reached XP level 3. HP: 37/49 MP: 3/3
   574 | D:1      | Identified 2 scrolls of acquirement
   867 | D:2      | Noticed Terence
  1025 | D:1      | Acquired the ring of Xom's Bemusement {*Slow rF++ rC++ MR+}
  1032 | D:1      | Acquired a box of beasts
  1107 | D:2      | Noticed a big kobold
  1125 | D:2      | Reached XP level 4. HP: 49/59 MP: 4/4
  1136 | D:2      | Killed a big kobold
  1136 | D:2      | Reached skill level 1 in Dodging
  1136 | D:2      | Reached XP level 5. HP: 49/69 MP: 5/5
  1142 | D:2      | Reached skill level 5 in Fighting
  1354 | D:2      | Reached XP level 6. HP: 59/79 MP: 6/6
  1415 | D:2      | Reached skill level 1 in Evocations
  1734 | D:2      | Reached skill level 5 in Axes & Hammers
  1734 | D:2      | Reached XP level 7. HP: 4/89 MP: 7/7
  1734 | D:2      | HP: 1/89 [kobold/+0 flail[a big kobold] (4)]
  2072 | D:2      | Reached skill level 5 in Shields
  2714 | D:2      | Killed Terence
  2714 | D:2      | Reached skill level 6 in Fighting
  3047 | D:2      | Reached XP level 8. HP: 99/99 MP: 8/8
  3882 | D:3      | Reached skill level 5 in Armour
  4655 | D:4      | Reached skill level 7 in Fighting
  4663 | D:4      | Found a staircase to the Ecumenical Temple.
  4683 | Temple   | Entered the Ecumenical Temple
  4725 | Temple   | Became a worshipper of Warmaster Okawaru
  5135 | D:4      | Reached XP level 9. HP: 104/108 MP: 9/9
  5330 | D:4      | Identified the ring of Peace {Str+3 Int+6 Stlth-}
  5363 | D:4      | Reached * piety under Okawaru
  5363 | D:4      | Reached skill level 1 in Whips & Flails
  5664 | D:4      | Reached skill level 8 in Fighting
  5684 | D:4      | Reached skill level 1 in Invocations
  5889 | D:4      | Identified the cursed ring "Dat Kowi" {Fire *Corrode *Slow
                  | rN++ Dex+2, (Curse: Int-3)}
  6233 | D:4      | HP: 6/162 [orc warrior/cursed +0 halberd {(Curse: MR-)}
                  | (7)]
  6239 | D:4      | HP: 8/162 [orc warrior/cursed +0 halberd {(Curse: MR-)}
                  | (14)]
  6241 | D:4      | HP: 3/162 [orc warrior/cursed +0 halberd {(Curse: MR-)}
                  | (15)]
  6244 | D:4      | Mangled by an orc warrior

Illustrated notes

Levels and vault maps discovered:
D:1:      enne_arrival_octagon_isle, layout_loops_cross
D:2:      layout_sewer, first_ration, uniq_terence
D:3:      layout_gridville
D:4:      layout_roguey, temple_fountains
Temple:   grunt_wide_crystal_templ

Skill      XL: |  1  2  3  4  5  6  7  8  9 |
---------------+----------------------------+-----
Axes & Hammers | 3 4 5 7 |  7.9
Fighting       | 4 5 6 7 8 |  8.1
Shields        | 4 5 6 |  6.4
Dodging        | 1 2 3 |  3.2
Armour         | 4 5 6 |  6.7
Evocations     | 1 2 3 |  3.0
Whips & Flails | 1 |  1.2
Invocations    | 2 |  2.0

Action                   |  1- 3 |  4- 6 |  7- 9 || total
-------------------------+-------+-------+-------++-------
Melee: War axe           |    49 |    79 |   137 ||   265
       Whip              |       |       |   266 ||   266
       Spear             |       |       |     5 ||     5
Throw: Bone              |     7 |    12 |    16 ||    35
       Stone             |     5 |    24 |    42 ||    71
       Skull             |     4 |    15 |    22 ||    41
       Rusty metal       |     2 |     8 |    18 ||    28
Invok: Heroism           |       |       |     1 ||     1
Evoke: Box of beasts     |       |     1 |     1 ||     2
  Use: Potion            |     1 |       |     5 ||     6
       Scroll            |     3 |     1 |     2 ||     6
 Stab: Distracted        |     1 |       |       ||     1
  Eat: Chunk             |     1 |     2 |    13 ||    16
       Ration            |       |       |     2 ||     2
Armor: Scale mail        |    23 |       |       ||    23
       Chain mail        |    14 |    74 |   227 ||   315
       Skin              |       |       |    10 ||    10
Dodge: Dodged            |     7 |    33 |    97 ||   137
Block: Heater shield     |     6 |       |       ||     6
       Buckler           |     2 |     7 |    21 ||    30
